 Dungeon Crawl Stone Soup version 0.22-a0-815-gb582571 (webtiles) character file.

275 zishaf the Sneak (level 6, -2/38 HPs)
             Began as a Kobold Assassin on July 23, 2018.
             Killed from afar by an orc wizard (10 damage)
             ... with a magic dart
             ... on level 4 of the Dungeon.
             The game lasted 00:09:41 (3819 turns).

zishaf the Sneak (Kobold Assassin)                  Turns: 3819, Time: 00:09:41

Health: -2/38      AC:  5    Str: 10    XL:     6   Next: 50%
Magic:  6/6        EV: 16    Int: 12    God:
Gold:   247        SH:  0    Dex: 17    Spells: 5/5 levels left

rFire    . . .     SeeInvis .   a - +2 dagger
rCold    . . .     Gourm    .   (shield restricted)
rNeg     . . .     Faith    .   y - +0 leather armour
rPois    .         Spirit   .   (no helmet)
rElec    .         Reflect  .   n - +0 cloak
rCorr    .         Harm     .   l - +0 pair of gloves
MR       .....                  (no boots)
Stlth    +++.......             (no amulet)
HPRegen  0.12/turn              (no ring)
MPRegen  0.10/turn              (no ring)

@: no status effects
A: small, carnivore
a: no special abilities


You were on level 4 of the Dungeon.
You were completely stuffed.

You visited 1 branch of the dungeon, and saw 4 of its levels.

You collected 247 gold pieces.

Inventory:

Hand Weapons
 a - a +2 dagger (weapon)
 b - a +0 blowgun
Missiles
 e - 39 poisoned needles
 f - 2 curare-tipped needles
 v - 95 stones (quivered)
Armour
 l - a +0 pair of gloves (worn)
 n - a +0 cloak (worn)
 y - a +0 leather armour (worn)
Jewellery
 h - an uncursed amulet of magic regeneration
 i - an uncursed ring of fire
 q - an uncursed amulet of inaccuracy
Scrolls
 d - 2 scrolls of teleportation
 j - a scroll of random uselessness
 p - a scroll of enchant armour
 r - a scroll of enchant weapon
 s - 2 scrolls of immolation
 t - 2 scrolls of remove curse
 x - a scroll of fear
Potions
 k - a potion of heal wounds {unknown}
 m - 2 potions of curing {unknown}
 o - 2 potions of lignification {unknown}
 u - a potion of berserk rage {unknown}
 w - a potion of flight {unknown}
Comestibles
 c - 6 chunks of flesh
 g - 6 rations


   Skills:
 + Level 3.8 Fighting
 - Level 3.0 Short Blades
 + Level 3.9 Throwing
 + Level 3.6 Dodging
 + Level 6.8 Stealth


You had 5 spell levels left.
You didn't know any spells.
Your spell library was empty.

Dungeon Overview and Level Annotations

Branches:
Dungeon (4/15)
 Temple: D:4-7

Altars:


Innate Abilities, Weirdness & Mutations

You are small and have problems with some larger weapons.
You are carnivorous and can eat meat at any time.


Message History

The orc hits you with a mace!
* * * LOW HITPOINT WARNING * * *
The orc wizard casts a spell.
The orc wizard blinks!
You hit the orc.
You kill the orc!
You feel a bit more experienced.
The orc hits you with a hand axe of chopping.
* * * LOW HITPOINT WARNING * * *
x2
Things that are here:
a mace; an orc corpse You hear the quick rusting of a distant drain.
The orc wizard casts a spell.
The orc wizard seems to speed up.
The orc wizard points at you and mumbles some strange words.
You resist with some effort.
There is a fountain of clear blue water here.
The orc wizard gestures at you while chanting.
The magic dart hits you!
You die...

###......oo((†.§#
#.#...##########...#
###### #.#....#######
#.... #....#
#.####.).o...### ##.
#....# #.# #######...###
#....####.# ##...##......#
##......#.###.###.#o####W#
######.#.##..#.#o..# ..
#...##.#@⌠.#..# .#
##......#.#..##
##.###.###.## #..# ##...##
#.## #... #.# #####
####.###### #.........#
#.........#


You could see an orc wizard and an orc.

Vanquished Creatures
  A howler monkey (D:3)
  3 orc wizards (D:4)
  2 orc priests (D:3)
  3 adders
  An ooze (D:2)
  2 worms (D:2)
  3 dart slugs
  A leopard gecko (D:4)
  8 orcs
  2 giant cockroaches
  7 goblins
  3 hobgoblins
  4 kobolds
  A quokka (D:3)
  3 bats
  4 frilled lizards
  2 rats (D:2)
50 creatures vanquished.

Notes
Turn   | Place    | Note
-------+----------+-------------------------------------------
     0 | D:1      | zishaf the Kobold Assassin began the quest for the Orb.
     0 | D:1      | Reached XP level 1. HP: 12/12 MP: 1/1
   617 | D:1      | Reached XP level 2. HP: 18/18 MP: 2/2
  1035 | D:2      | Reached XP level 3. HP: 22/22 MP: 3/3
  1833 | D:3      | Noticed an ogre
  2087 | D:3      | Reached skill level 6 in Stealth
  2087 | D:3      | Reached XP level 4. HP: 28/28 MP: 4/4
  2434 | D:3      | Reached XP level 5. HP: 32/32 MP: 5/5
  3603 | D:4      | Reached XP level 6. HP: 35/37 MP: 6/6
  3763 | D:4      | Noticed a phantom
  3819 | D:4      | Killed from afar by an orc wizard

Vault maps used:
D:1:      minmay_arrival_stair_chambers
D:2:      cheibrodos_helix_gallery
D:4:      cheibrodos_sewer_entry_sluice, first_ration, grunt_decor_one_mirror,
          nzn_random_ring, uniq_robin

Skill      XL: |  1  2  3  4  5 |
---------------+----------------+-----
Short Blades   | 3 |  3.0
Dodging        | 2 3 |  3.6
Fighting       | 3 |  3.8
Throwing       | 3 |  3.9
Stealth        | 6 |  6.8

Action                   |  1- 3 |  4- 6 || total
-------------------------+-------+-------++-------
Melee: Dagger            |    94 |   117 ||   211
 Fire: Blowgun           |    13 |    44 ||    57
  Use: Scroll            |       |     7 ||     7
 Stab: Sleeping          |    12 |     4 ||    16
  Eat: Chunk             |    12 |     5 ||    17
Armor: Robe              |    17 |       ||    17
       Leather armour    |     6 |    20 ||    26
Dodge: Dodged            |    59 |    76 ||   135

Table legend:
 A = Spawn XP
 B = Non-spawn XP
 C = Spawn XP percentage of total XP
 D = Spawn monster count
 E = Non-spawn monster count
 F = Spawn count percentage of total count
 G = Total turns spent on level
                    A         B        C        D         E        F      G
               +---------+---------+-------+---------+---------+-------+---------
         Total |       0 |     394 |   0.0 |       0 |      50 |   0.0 |  3819
               +---------+---------+-------+---------+---------+-------+---------
           D:1 |       0 |      10 |   0.0 |       0 |       5 |   0.0 |   905
           D:2 |       0 |      53 |   0.0 |       0 |      17 |   0.0 |  1104
           D:3 |       0 |     186 |   0.0 |       0 |      19 |   0.0 |  1505
           D:4 |       0 |     145 |   0.0 |       0 |       9 |   0.0 |   305
               +---------+---------+-------+---------+---------+-------+---------
